[Event "Champions Chess Tour Julius Generation Cup 2023"]
[Site "Chess.com"]
[Date "2023.09.02"]
[Round "53"]
[White "Lazavik, Denis"]
[Black "Abdusattorov, Nodirbek"]
[Result "1-0"]
[WhiteElo "2749"]
[BlackElo "2782"]
[ECO "D94"]
[EventDate "2023.??.??"]
[Annotator "rafael"]
[PlyCount "75"]
[Beauty "7834963804198"]
[EventType "team-tourn"]
[EventCountry "YUG"]
[TimeControl "900+3"]

1.d4 d5 2.c4 c6 3.Nf3 Nf6 4.e3 g6 {This variation is named after Carl Schlechter, a player who almost became the world champion and drew the most mysterious match in chess history, against Emanuel Lasker in 1910.} 5.Nc3 Bg7 6.Be2 O-O 7.O-O {Black has many choices in this position.} 7...Be6 ( 7...Bg4 ) ( 7...Nbd7 ) ( 7...dxc4 ) ( 7...a5 ) ( 7...b6 ) ( 7...e6 ) 8.b3 {White can also fight for the advantage with other moves.} ( 8.cxd5 cxd5 9.Qb3 Qb6 10.Qxb6 axb6 {with a slightly better endgame for White.} ) ( 8.Ng5 Bf5 9.Qb3 Qb6 {with a solid and passive position for Black.} ) 8...Ne4 9.Bb2 Nd7 10.Rc1 Ndf6 $6 ( 10...Nxc3 $1 {[%c_effect c3;square;c3;type;GreatFind;persistent;true] It's more accurate to exchange knights and avoid White's next move.} 11.Bxc3 Nf6 {as played in Ragger-Rapport, Szombathely 2011.} ) 11.Na4 $1 {[%c_effect a4;square;a4;type;GreatFind;persistent;true] A new and excellent move. White prepares Ne5 followed by f2-f3, expelling the knight and keeping pieces on the board, something useful for the side with a space advantage.} ( {This idea was played in a slightly worse version in a previous game:} 11.cxd5 {I don't think White should rush with this capture.} 11...cxd5 12.Na4 {Hoeschele-Roesner, Deizisau 1998.} ) 11...Rc8 ( 11...Bg4 {Maybe it's useful to exchange bishops, although Black's position is still unpleasant after} 12.Ne5 Bxe2 13.Qxe2 ) 12.Ne5 Nd7 ( 12...dxc4 $5 13.bxc4 b5 {This is an interesting pawn sacrifice suggested by the computer.} 14.cxb5 cxb5 15.Rxc8 Qxc8 16.Bxb5 Nd5 {with some compensation due to Black's active pieces. I think this way of playing is better than what happened in the game.} ) 13.Nd3 {The knight is ready to go to f4.} 13...Bf5 $6 ( 13...Re8 {is probably the lesser evil.} 14.Nf4 Nf8 ) 14.g4 $1 Be6 15.Nf4 {Everything has gone wrong with Black's opening. But in a rapid game, unexpected chances can occur, as we shall see.} 15...Bh6 16.f3 ( 16.Bd3 {is also very good for White.} 16...Bxf4 17.exf4 ) ( 16.Nxe6 fxe6 17.Qd3 {followed by f2-f3 also doesn't look bad.} ) 16...Nef6 17.h4 $2 {[%c_effect h4;square;h4;type;Mistake;persistent;true] A mistake that puts Black back into the game.} ( 17.Nc3 {keeps a big advantage.} ) 17...Bxf4 18.exf4 {The problem with 17.h4 is that after ...h7-h5, it's not easy to support White's pawn structure, a problem that would easily be solved with a pawn on h3. Black should try to exploit this.} 18...dxc4 ( 18...Qc7 $1 19.Qd2 h5 $1 {[%c_effect h5;square;h5;type;GreatFind;persistent;true] Black has good counterplay.} ) 19.bxc4 b5 $2 {[%c_effect b5;square;b5;type;Mistake;persistent;true] After this mistake, White gets a big advantage again.} ( 19...Qa5 $1 {[%c_effect a5;square;a5;type;GreatFind;persistent;true] is better.} ) 20.d5 $1 {[%c_effect d5;square;d5;type;GreatFind;persistent;true] This move was certainly missed by Abdusattorov. His idea would work well after 20.cxb5.} ( 20.cxb5 cxb5 21.Bxb5 Bxa2 {with a good position for Black.} ) 20...cxd5 21.cxb5 {White now has a huge positional advantage. The dark-squared bishop is too strong, and the pawns are dangerous on both flanks.} 21...Rxc1 22.Qxc1 Qa5 ( 22...h5 {is more stubborn.} ) 23.Qd1 {The queen is heading to d4.} 23...Rc8 ( 23...Qb4 24.Qd4 Qxd4+ 25.Bxd4 {The endgame is technically winning for White.} ) 24.Qd4 {Now g4-g5 is threatened, winning a piece.} 24...Rc2 25.Bd3 ( 25.Bc3 {is very good, too.} 25...Qc7 26.Bd1 $1 Rxc3 ( 26...Rc1 27.Bb3 Rxf1+ 28.Kxf1 {There's no way of stopping g5.} ) 27.Nxc3 {with a winning material advantage.} ) 25...Rd2 26.f5 $1 ( 26.g5 $2 {[%c_effect g5;square;g5;type;Mistake;persistent;true] is too rushed. White even loses after} 26...Bh3 $1 ) 26...gxf5 27.g5 Rxd3 ( 27...Rxb2 {I think this gives more chances for saving the game, but White is winning after} 28.Nxb2 Nh5 29.Rc1 ) 28.Qxd3 Qxa4 29.gxf6 Qxh4 30.Rf2 Nxf6 31.Qd4 $1 {[%c_effect d4;square;d4;type;GreatFind;persistent;true] Black is unable to create any chance of perpetual check with the lonely queen. The game is over.} 31...Qh6 32.Qxa7 ( 32.Rh2 {wins the queen:} 32...Qg7+ ( 32...Qf8 {is even worse.} 33.Rg2+ Kh8 34.Qxf6+ exf6 35.Bxf6+ ) 33.Rg2 ) 32...Kf8 33.Bxf6 exf6 ( 33...Qxf6 34.Qb8+ Kg7 35.Rg2+ Kh6 36.Qh2+ Qh4 37.Qxh4# ) 34.Qc5+ Ke8 ( 34...Kg7 35.Rg2+ ) 35.Rg2 Kd7 36.Rg8 Qh4 37.Qc6+ Ke7 38.Re8# 1-0

[Event "Champions Chess Tour Julius Generation Cup 2023"]
[Site "Chess.com"]
[Date "2023.09.03"]
[Round "4"]
[White "Carlsen, Magnus"]
[Black "Firouzja, Alireza"]
[Result "1-0"]
[WhiteElo "2945"]
[BlackElo "2811"]
[ECO "C84"]
[EventDate "2023.??.??"]
[Annotator "pigle"]
[PlyCount "121"]
[Beauty "6323399830025"]
[EventType "team-tourn"]
[EventCountry "YUG"]
[TimeControl "900+3"]

1.e4 e5 2.Nf3 Nc6 3.Bb5 a6 4.Ba4 Nf6 5.O-O Be7 6.Nc3 {As far as I know, this is the first time that Carlsen has played this move. It is not as popular as 6.Re1 or 6.d3, but many strong grandmasters have tried it.} 6...b5 7.Bb3 O-O 8.d3 Na5 $2 {[%c_effect a5;square;a5;type;Mistake;persistent;true] I wonder whether this is a sacrifice or a blunder. In any case, Black has no compensation for the pawn.} ( 8...d6 {is the main move.} ) 9.Nxe5 Nxb3 10.axb3 b4 11.Ne2 Re8 12.Nf3 {In the normal lines in which Black sacrifices the e5-pawn, he usually already has well-developed pieces and is playing d5 quickly, something that doesn't happen here.} 12...c5 13.Nf4 d6 14.c4 $1 {[%c_effect c4;square;c4;type;GreatFind;persistent;true] A good way to close the game and bury the d5-break.} 14...Bf8 15.h3 a5 16.Re1 g6 17.Nd5 Nxd5 18.cxd5 Bg7 19.Bg5 f6 20.Bf4 {White has consolidated his position and is a healthy pawn up. Firouzja, however, continues to fight.} 20...g5 21.Be3 g4 22.hxg4 $6 {[%c_effect g4;square;g4;type;Inaccuracy;persistent;true] This move allows counterplay for Black.} ( 22.Nd2 $1 {[%c_effect d2;square;d2;type;GreatFind;persistent;true] is stronger:} 22...gxh3 23.Nc4 hxg2 24.Bf4 $1 Ra6 25.Qh5 {followed by Re3-g3 with a winning position.} ) 22...Bxg4 {The pin turns out to be unpleasant for White.} 23.Qc2 {Now Black can disrupt the pawn structure.} ( 23.d4 {is a good alternative. Black should play} 23...f5 $1 {[%c_effect f5;square;f5;type;GreatFind;persistent;true] to keep the game complicated.} ) 23...Bxf3 24.gxf3 f5 $1 {[%c_effect f5;square;f5;type;GreatFind;persistent;true] Black has some compensation for the pawn now.} 25.Kf1 {The king must go to a safer place.} 25...Qf6 26.Rab1 ( 26.Ke2 {Maybe White should let the pawn go and try to win the endgame after} 26...Qxb2 27.Qxb2 Bxb2 28.Ra4 ) 26...fxe4 27.fxe4 Qf3 $2 {[%c_effect f3;square;f3;type;Mistake;persistent;true] Firouzja tries to avoid White's king walk, but Carlsen's reply refutes his plan.} ( 27...Kh8 $1 {[%c_effect h8;square;h8;type;GreatFind;persistent;true] is better, for instance:} 28.Ke2 Rf8 29.f4 Qh4 30.Rf1 Bd4 {with a good position.} ) 28.Qd1 $1 Qxd1 {Otherwise, the king marches to e2, but the endgame is winning for White.} 29.Rexd1 a4 {Necessary to create some activity in the queenside.} 30.bxa4 Rxa4 31.Bf4 ( 31.Ke2 Ra2 32.Rd2 {followed by f4-Kf3 and White should convert the advantage.} ) 31...Rd8 32.b3 Ra6 33.Ke2 Rf8 34.Be3 Be5 35.Rd2 ( 35.f4 $1 {[%c_effect f4;square;f4;type;GreatFind;persistent;true] is a difficult move and the cleanest way to win:} 35...Bxf4 36.Rg1+ {Black's king is cut from the game, and this is the decisive factor.} 36...Kh8 37.Bxf4 Rxf4 38.Ke3 Rf7 39.Rbf1 Rxf1 40.Rxf1 Kg7 41.e5 $1 dxe5 42.Ke4 {White's passed d-pawn decides the game.} ) 35...Rf7 36.Rc2 ( 36.d4 {is strong:} 36...cxd4 37.Bxd4 Bxd4 38.Rxd4 Ra2+ 39.Kd3 Rfxf2 40.Rxb4 {with a winning endgame.} ) 36...Kf8 37.d4 $1 cxd4 38.Bd2 ( 38.Rc8+ {wins by force:} 38...Ke7 39.Bg5+ Kd7 40.Rbc1 d3+ {The only way to avoid mate.} 41.Kxd3 Bc3 42.Rb8 Rxf2 43.Rb7+ Ke8 44.Rh1 Rf3+ 45.Kc4 Ra5 46.Re7+ Kf8 47.Rc7 $1 ) 38...h5 39.Rc8+ $2 {[%c_effect c8;square;c8;type;Mistake;persistent;true] This gives Black drawing chances.} ( 39.Rf1 $1 {[%c_effect f1;square;f1;type;GreatFind;persistent;true] Preparing f2-f4.} 39...Bf4 40.Rc8+ Kg7 41.Rg1+ Kh7 42.Bxf4 Rxf4 43.Rc7+ Kh8 44.Rc6 Ra2+ 45.Kd3 {The rook checks are not dangerous, and White wins.} ) 39...Kg7 40.Rc2 {It's clear that Carlsen regrets his last move.} 40...Raa7 $2 ( 40...Ra3 $1 {[%c_effect a3;square;a3;type;GreatFind;persistent;true] This endgame is difficult to play, and it's not surprising that both players make mistakes without much time on the clock. According to the computer, this move is the only way to save the game.} 41.Bxb4 Ra8 {Black will double rooks on the f-file with counterplay.} ) 41.Rg1+ Kh7 42.Rg5 $1 {[%c_effect g5;square;g5;type;GreatFind;persistent;true] The h-pawn is doomed.} 42...d3+ 43.Kxd3 Rxf2 44.Rxh5+ Kg6 45.Rg5+ $2 ( 45.Rh6+ Kg7 46.Rh3 $1 {[%c_effect h3;square;h3;type;GreatFind;persistent;true] This move prevents a check on the third rank and threatens Bh6+.} ) 45...Kh7 $2 ( 45...Kf7 $1 {[%c_effect f7;square;f7;type;GreatFind;persistent;true] gives good drawing chances, for example:} 46.Rf5+ Rxf5 47.exf5 Kf6 48.Bxb4 Rb7 $1 49.Rc4 Kxf5 ) 46.Rf5 ( 46.Rh5+ $1 Kg6 47.Rh6+ Kg7 48.Rh3 $1 ) 46...Rh2 47.Be3 $6 ( 47.Rc1 $1 {[%c_effect c1;square;c1;type;GreatFind;persistent;true] is better:} 47...Rh3+ 48.Kc4 Rc7+ 49.Kb5 $1 ( {But not} 49.Kxb4 $6 Rb7+ ) 49...Rxc1 50.Bxc1 Rxb3 51.Bf4 $1 {[%c_effect f4;square;f4;type;GreatFind;persistent;true] with excellent winning chances.} ) 47...Rh3 $2 ( 47...Rxc2 {is the only chance:} 48.Kxc2 Rc7+ 49.Kd2 Kg6 ) 48.Rh5+ $1 Rxh5 49.Bxa7 {Carlsen is now completely winning, but both players had only seconds on the clock.} 49...Rh3+ 50.Kc4 Rh4 51.Re2 Kg6 52.Kxb4 Kg5 53.Kb5 Kf4 54.b4 Rh3 55.Bb6 $6 ( 55.Kc6 {is the best.} ) 55...Rb3 56.Bc7 Kf3 ( 56...Rc3 $1 57.Kb6 Rc1 $1 58.b5 Kf3 {with good drawing chances.} ) 57.Rc2 Kxe4 58.Kc6 ( 58.Kc4 $1 {[%c_effect c4;square;c4;type;GreatFind;persistent;true] is the correct move.} ) 58...Rxb4 59.Bxd6 Bxd6 $2 ( 59...Kd3 $3 60.Rc1 Bb2 $1 {[%c_effect b2;square;b2;type;GreatFind;persistent;true] and Black has chances of reaching a drawn rook and bishop versus rook endgame.} ) 60.Kxd6 Rb6+ 61.Kc7 1-0

[Event "Levitov Chess Week 2023"]
[Site "Chess.com"]
[Date "2023.09.22"]
[Round "9"]
[White "Grischuk, Alexander"]
[Black "Nepomniachtchi, Ian"]
[Result "0-1"]
[WhiteElo "2709"]
[BlackElo "2766"]
[ECO "E42"]
[EventDate "2023.??.??"]
[Annotator "rafael"]
[PlyCount "72"]
[Beauty "7908108540994"]
[EventType "team-tourn"]
[TimeControl "600+5"]

1.d4 Nf6 2.c4 e6 3.Nc3 Bb4 4.e3 c5 5.Ne2 d5 6.a3 Ba5 $5 {[%c_effect a5;square;a5;type;Interesting;persistent;true] A rarer move than the capture on c3, but one that is fashionable and has been played by several strong grandmasters, including Nepomniachtchi himself.} ( 6...Bxc3+ {is the main line.} ) 7.dxc5 dxc4 8.Bd2 {Caruana preferred to exchange queens but got no advantage.} ( 8.Qxd8+ Kxd8 9.Bd2 Nbd7 10.Nd4 Nxc5 11.Bxc4 Bxc3 12.Bxc3 Nce4 13.Bb4 a5 14.Bd2 Nxd2 15.Kxd2 Bd7 16.f3 Ke7 {with an equal position: Caruana-Nepomniachtchi, Zagreb (blitz) 2023.} ) 8...O-O 9.Ng3 b6 $1 10.Bxc4 ( 10.cxb6 Ba6 $1 ( 10...Qxb6 {is also possible, but White can still fight for an advantage after} 11.Bxc4 Qxb2 12.O-O $1 {[%c_effect g1;square;g1;type;GreatFind;persistent;true] and if} 12...Bxc3 13.Ra2 Qb6 14.Bxc3 {with a clear advantage due to the pair of bishops and better development.} ) 11.bxa7 Rxa7 {The rook can go to d7, and the knight is ready to enter the game with Nc6-e5. Black has excellent compensation.} ) 10...bxc5 11.O-O Nbd7 {The position has stabilized, and the middlegame begins. White has a better pawn structure, but Black has free piece development. The game is balanced.} 12.Qc2 Bb7 {The eternal question \"Which rook to play $2\" is always difficult to answer. It's natural to place the rooks on the d- and c-files, but the rook on f1 also fulfills a defensive function at the moment.} 13.Rfd1 ( 13.Rad1 {was played by Nihal in 2021:} 13...h5 {A typical advance that aims to upset the g3-knight.} 14.Nge4 Qc7 15.Nxf6+ Nxf6 16.f3 Qe5 {with equality in Nihal-Keymer, Biel 2021.} ) 13...Qe7 {A natural move that turns out to be a novelty.} ( 13...h5 14.Nge4 ( 14.h3 $1 {[%c_effect h3;square;h3;type;GreatFind;persistent;true] is a better chance to fight for the advantage.} 14...h4 15.Nge4 ) 14...Bxc3 $1 ( 14...Rb8 {was played in Giri-Duda, Meltwater Tour (rapid) 2022.} ) 15.Nxc3 Ng4 $1 {[%c_effect g4;square;g4;type;GreatFind;persistent;true] Now we understand why the rook is sometimes useful on f1.} 16.f3 ( 16.h3 $2 Nxf2 $1 17.Kxf2 Qh4+ {Capturing the bishop on c4 and winning a pawn.} ) 16...Nde5 17.Be2 Bxf3 $1 18.gxf3 Qh4 19.fxg4 Nxg4 20.Bxg4 Qxg4+ 21.Kf2 Qh4+ {with a draw by perpetual check.} ) 14.Be2 {A good move, removing the bishop before it's attacked by a knight on e5. It also avoids a possible ...Ng4.} 14...Bc7 15.Nb5 Bb8 16.Ba5 {Grischuk plays creative chess, a trademark of his style.} ( 16.Rac1 {This simple move is also possible.} ) 16...Ne5 17.Rac1 Rc8 18.Qd2 {This is White's idea: the bishop on a5 plays an important role and may even go to d8. White also prepares a possible knight jump to d6.} 18...Bd5 {Nepomniachtchi blocks the d-file and prepares the bishop path to b3.} ( 18...Nc6 {is a good alternative and neutralizes White's initiative attempts.} 19.Bf3 ( 19.Bc3 Nd5 {is good for Black.} ) 19...Nxa5 20.Qxa5 {with equal play.} ) 19.Nc3 Bb3 20.Bd8 $1 {[%c_effect d8;square;d8;type;GreatFind;persistent;true] The bishop fulfills its destiny.} ( 20.Re1 {is harmless. Black is fine after} 20...Nc6 ) 20...Qf8 $2 {[%c_effect f8;square;f8;type;Mistake;persistent;true] This mistake allows White to achieve a dangerous attack.} ( 20...Qd7 $1 {[%c_effect d7;square;d7;type;GreatFind;persistent;true] is correct, since White cannot escape a queen exchange.} 21.Bxf6 Bxd1 22.Rxd1 Qxd2 23.Rxd2 gxf6 24.Ba6 $1 {[%c_effect a6;square;a6;type;GreatFind;persistent;true] White regains the exchange.} 24...Bc7 25.Bxc8 Rxc8 {with a slight plus for White in the endgame.} ) 21.Bxf6 gxf6 ( 21...Bxd1 $2 {[%c_effect d1;square;d1;type;Mistake;persistent;true] loses material after} 22.Bxe5 Bxe2 23.Bxb8 ) 22.Rf1 $2 {[%c_effect f1;square;f1;type;Mistake;persistent;true] Grischuk misses a good chance.} ( 22.Nce4 $1 {[%c_effect e4;square;e4;type;GreatFind;persistent;true] leads to a winning position.} 22...f5 ( 22...Bxd1 23.Nxf6+ Kh8 24.Rxd1 {The compensation for the exchange is more than enough, for instance:} 24...Bc7 25.Qc3 {with the idea of playing f2-f4. Black's king is helpless.} ) 23.Nf6+ Kh8 24.Rf1 {White prepares Qc3 and f2-f4, with a winning advantage.} ) 22...Rd8 23.Qe1 f5 {It's important to keep the knights from going to e4.} 24.f4 Nd3 25.Bxd3 Rxd3 26.e4 $6 {[%c_effect e4;square;e4;type;Inaccuracy;persistent;true] A natural move, trying to break Black's pawn structure and bring the knights to the attack. Nepomniachtchi's superb play, however, will show the problems with this attempt.} ( 26.Nh5 {is the most natural, preparing to bring the rook and queen to the attack. The game is very complicated, and a possible line is:} 26...Bd6 27.Nf6+ Kh8 28.Rf3 Qh6 29.Nxh7 $1 Kxh7 30.Rh3 Qxh3 31.gxh3 Rg8+ 32.Kh1 Rg6 {with good compensation for the queen.} ) ( 26.Qe2 {is an improvement compared to the game, since the queen is better placed after} 26...c4 27.e4 ) 26...Qh6 $1 {[%c_effect h6;square;h6;type;GreatFind;persistent;true] Attacking the f4-pawn.} 27.Qf2 ( 27.Qe2 {White has no time for this anymore:} 27...Bxf4 $1 {[%c_effect f4;square;f4;type;GreatFind;persistent;true] winning a pawn.} ) 27...Bc7 $1 {[%c_effect c7;square;c7;type;GreatFind;persistent;true] The rook is finally ready to participate in the game. Black also has an eye on c4 followed by Bb6.} 28.exf5 Rad8 ( 28...c4 $1 {[%c_effect c4;square;c4;type;GreatFind;persistent;true] is more accurate:} 29.Kh1 Bb6 30.Qe1 Re3 {All of Black's pieces are active, although the game remains complicated.} ) 29.Nce4 ( 29.fxe6 Bxe6 {Black has enough compensation for the pawn since all his pieces are very active.} ) 29...c4 30.Qxa7 $2 {[%c_effect a7;square;a7;type;Mistake;persistent;true] A blunder that loses the game.} ( 30.Qe2 $1 {[%c_effect e2;square;e2;type;GreatFind;persistent;true] is correct because the queen can go to g4. The position may be considered \"irrational,\" a useful term for positions that are so complicated that generic concepts are not sufficient to make decisions. All moves are based on concrete calculation.} 30...e5 $1 {[%c_effect e5;square;e5;type;GreatFind;persistent;true] is the best. Anything can happen.} ) 30...Bxf4 {The bishop joins the attack and removes the important f-pawn. The rook on c1 is attacked, as well as a deadly check on e3.} 31.Nf6+ Kh8 32.Ng4 Qg5 $1 {[%c_effect g5;square;g5;type;GreatFind;persistent;true] The only move, but one is enough. The knight and the rook are attacked, and White loses material.} 33.Qxf7 Bxc1 34.fxe6 c3 $3 {[%c_effect c3;square;c3;type;Brilliant;persistent;true] This is my favorite move in the game. Nepomniachtchi has a tremendous talent to find creative tactical solutions. The b3-bishop is given its freedom and avoids the advance of the dangerous e6-pawn.} 35.Nf5 Rd1 36.h4 Rxf1+ {Grischuk resigned since there's a forced mate.} ( 36...Rxf1+ 37.Kxf1 Rd1+ 38.Kf2 ( 38.Ke2 Bc4+ 39.Kf3 ( 39.Kxd1 Qd2# ) 39...Qf4# ) 38...Qf4+ 39.Ke2 Qf1# ) 0-1